 Dungeon Crawl Stone Soup version 0.31-a0-246-g8cbcc1cb85 (webtiles) character file.

Game seed: 6881218301516594367

30 gruber the Changeling (level 3, -8/27 HPs)
             Began as a Merfolk Shapeshifter on July 12, 2023.
             Mangled by Terence
             ... wielding a +0 flail
              (10 damage)
             ... on level 2 of the Dungeon.
             The game lasted 00:00:39 (1373 turns).

gruber the Changeling (Merfolk Shapeshifter)        Turns: 1373, Time: 00:00:40

Health: -8/27      AC:  2    Str: 17    XL:     3   Next: 20%
Magic:  3/3        EV: 12    Int: 13    God:
Gold:   87         SH:  0    Dex: 14    Spells: 2/2 levels left

rFire   . .          .
                       - Unarmed
rCold   . . .        (no shield)
rNeg    . . .        a - +0 animal skin
rPois   .            (helmet currently unavailable)
rElec   .            (cloak currently unavailable)
rCorr   .            (gloves currently unavailable)
SInv    .            (boots currently unavailable)
Will    .....        (no amulet)
Stlth   +            e - +6 ring of intelligence
HPRegen 0.24/turn    (no ring)
MPRegen 0.08/turn

%: no passive effects
@: beast-form
A: beast (slay +2), (nimble swimmer 2), mertail
a: no special abilities


You were on level 2 of the Dungeon.
You were a hulking beast.
You visited 1 branch of the dungeon, and saw 2 of its levels.

You collected 87 gold pieces.

Inventory:

Armour
 a - a +0 animal skin (worn)
Jewellery
 e - a +6 ring of intelligence (left hand)
Talismans
 c - a beast talisman
Scrolls
 g - 3 scrolls of identify {unknown}
 l - a scroll of silence {unknown}
Potions
 b - a potion of lignification
 d - a potion of haste {unknown}
 f - a potion of heal wounds {unknown}
 h - a potion of cancellation {unknown}
 i - a potion of curing {unknown}
 j - a potion of brilliance {unknown}
 k - a potion of mutation {unknown}


   Skills:
 - Level 2.1 Fighting
 - Level 2.6 Dodging
 + Level 3.9 Unarmed Combat
 - Level 4.0 Shapeshifting


You had 2 spell levels left.
You didn't know any spells.
Your spell library was empty.

Dungeon Overview and Level Annotations

Branches:
Dungeon (2/15)

Altars:
Xom

Shops:
D:2 !:

Annotations:
D:2 Terence


Innate Abilities, Weirdness & Mutations

You are a hulking beast.
Your limbs bulge with bestial killing power. (Slay +2)
((You are very nimble when in or above water. (Stealth+, EV+, Speed+++)))
Your lower body shifts to a powerful aquatic tail in water.


Message History

Key pressed, stopping explore.
No target in view!
There is an entrance to Mophefax's Distillery here.
Your legs become a tail as you enter the water.
Found a short sword and a kite shield.
You now have 87 gold pieces (gained 2).
Found Kyit's Book Emporium.
Terence the Incautious comes into view.
He is wielding a +0 flail and wearing a +1 chain mail of cold resistance.
You see here 6 gold pieces.
Found 10 gold pieces.
Found a shimmering altar of Xom.
Terence is nearby!
Terence is nearby!
Terence is nearby!
You hit Terence but do no damage. You hit Terence.
Terence is lightly wounded.
Terence hits you with a +0 flail!
You hit Terence.
Terence is lightly wounded.
Terence hits you with a +0 flail.
You barely miss Terence.
Terence is lightly wounded.
Terence hits you with a +0 flail.
You hit Terence.
Terence is moderately wounded.
Terence closely misses you.
You barely miss Terence.
Terence is moderately wounded.
Terence hits you with a +0 flail.
You hit Terence but do no damage.
Terence is moderately wounded.
Terence misses you.
You hit Terence.
Terence is moderately wounded.
Terence hits you with a +0 flail!
* * * LOW HITPOINT WARNING * * *
You hit Terence.
Terence is heavily wounded.
Terence hits you with a +0 flail!
You die...

# ...#.# # ..#...# . #
##..∩..## .. # #.#..$#.#
.8. # #..#.#..# ..#
#####...#...###### ...##
.................#......
.............$..h@......
#...................._..
####....#.####..#..$..
#....#.# #..# ....
#....#.# #.... ...
#....#.# #..... .#
##....#.# #####.# #
####.......# .#
##≈≈≈##...###


You could see Terence.

Vanquished Creatures
  3 endoplasms (D:1)
  2 giant cockroaches (D:1)
  3 goblins (D:1)
  2 hobgoblins (D:1)
  4 quokkas
  6 ball pythons
  3 bats
  2 frilled lizards
  2 kobolds (D:1)
  A rat (D:1)
28 creatures vanquished.

Notes
Turn   | Place    | Note
-------+----------+-------------------------------------------
     0 | D:1      | gruber the Merfolk Shapeshifter began the quest for the
                  | Orb.
     0 | D:1      | Reached XP level 1. HP: 16/16 MP: 1/1
   145 | D:1      | Reached XP level 2. HP: 22/22 MP: 2/2
   746 | D:1      | Reached XP level 3. HP: 25/27 MP: 3/3
  1292 | D:2      | Found a faded altar of an unknown god.
  1340 | D:2      | Found Mophefax's Distillery.
  1357 | D:2      | Found Kyit's Book Emporium.
  1361 | D:2      | Noticed Terence
  1362 | D:2      | Found a shimmering altar of Xom.
  1373 | D:2      | Mangled by Terence

Illustrated notes

Levels and vault maps discovered:
D:1:      minmay_arrival_four_houses, layout_basic
D:2:      kennysheep_the_goblin_king, layout_loops_cross, serial_shops, shop,
          shop, nicolae_shop_waterfront, nicolae_diamond_shop, basic_altar,
          shapermc_ecumenical_altar_mp_urbaneastern, grunt_ministairs_3,
          minmay_rat_gold_closets, uniq_terence

Skill      XL: |  1  2 |
---------------+-------+-----
Unarmed Combat | 3 |  3.9
Fighting       | |  2.1
Dodging        | |  2.6
Shapeshifting  | |  4.0

Action                     || total
---------------------------++-------
  Melee: Unarmed           ||    65
   Stab: Sleeping          ||     1
 Armour: Animal skin       ||     8
  Dodge: Dodged            ||    31

Table legend: (Time is in decaauts)
 A = Elapsed time spent in this place.
 B = Non-inter-level travel time spent in this place.
 C = Inter-level travel time spent in this place.
 D = Time resting spent in this place.
 E = Time spent auto-exploring this place.
 F = Levels seen in this place.
 G = Mean time per level.
                   A        B        C        D        E       F      G
               +--------+--------+--------+--------+--------+-----+--------+
         Total |   1366 |   1316 |     50 |      0 |   1149 |   2 |  683.0 |
       Dungeon |   1366 |   1316 |     50 |      0 |   1149 |   2 |  683.0 |
               +--------+--------+--------+--------+--------+-----+--------+

Top non-repeatable levels by time:
     D:1: 1175 daAuts
     D:2: 191 daAuts
